 Dungeon Crawl Stone Soup version 0.27-a0-1188-g73eefd5def (webtiles) character file.

Game seed: 13727889502421892582

8410 Strat the Fighter (level 10, -35/93 HPs)
             Began as a Demigod Earth Elementalist on May 20, 2021.
             Annihilated by a boulder beetle (40 damage)
             ... on level 9 of the Dungeon.
             The game lasted 00:39:30 (16479 turns).

Strat the Fighter (Demigod Earth Elementalist)     Turns: 16479, Time: 00:39:30

Health: -35/93     AC:  9    Str: 17    XL:     10   Next: 84%
Magic:  19/19      EV: 14    Int: 17    God:
Gold:   1263       SH:  5    Dex: 18    Spells: 8/17 levels left

rFire    + + .     SeeInvis +   a - staff of earth
rCold    . . .     Faith    .   (no shield)
rNeg     . . .     Spirit   .   B - +0 ring mail
rPois    .         Reflect  +   r - +1 hat of Protective Custody {Slay+6}
rElec    .         Harm     .   x - +1 cloak
rCorr    .         Rampage  .   (no gloves)
Will     +....                  (no boots)
Stlth    +.........             k - amulet of reflection
HPRegen  0.25/turn              D - ring of wizardry
MPRegen  0.16/turn              q - ring "Deppayha" {rF++ SInv}

@: no status effects
A: high mp 1, forlorn
a: no special abilities


You were on level 9 of the Dungeon.
You visited 1 branch of the dungeon, and saw 9 of its levels.
You also visited: Ossuary.

You collected 1263 gold pieces.

Inventory:

Hand Weapons
 b - a +5 scimitar
 y - a +1 short sword of protection
Missiles
 c - 8 curare-tipped darts
 j - 16 boomerangs
 w - 5 javelins
 E - 145 stones
Armour
 r - the +1 hat of Protective Custody (worn) {Slay+6}
   (You acquired it on level 9 of the Dungeon)

   It affects your accuracy and damage with ranged weapons and melee attacks
   (+6).
 x - a +1 cloak (worn)
 B - a +0 ring mail (worn)
Magical Staves
 a - a staff of earth (weapon)
Jewellery
 k - an amulet of reflection (around neck)
 q - the ring "Deppayha" (right hand) {rF++ SInv}
   (You acquired it on level 7 of the Dungeon)

   [ring of see invisible]

   It greatly protects you from fire.
   It lets you see invisible.
 D - a ring of wizardry (left hand)
 F - a ring of magical power
Wands
 o - a wand of mindburst (10)
 p - a wand of polymorph (3)
 s - a wand of flame (22)
Scrolls
 d - a scroll of magic mapping
 f - 2 scrolls of enchant armour
 h - 3 scrolls of vulnerability
 m - a scroll of enchant weapon
Potions
 e - a potion of resistance
 i - 3 potions of flight
 l - 2 potions of attraction
 n - a potion of berserk rage
 u - 2 potions of curing
 v - a potion of magic
 z - 4 potions of brilliance
 A - 2 potions of lignification


   Skills:
 - Level 10.0 Fighting
 - Level 4.0 Armour
 + Level 5.6 Dodging
 - Level 1.7 Stealth
 - Level 4.0 Spellcasting
 - Level 4.0 Conjurations
 - Level 0.8 Transmutations
 - Level 9.0 Earth Magic


You had 8 spell levels left.
You knew the following spells:

 Your Spells              Type           Power      Damage    Failure   Level
a - Sandblast             Erth           100%       2d20      1%          1
b - Stone Arrow           Conj/Erth      76%        3d11      2%          3
c - Lee's Rapid Deconstr  Erth           25%        3d15*     8%          5

Your spell library contained the following spells:

 Spells                   Type           Power      Damage    Failure   Level
 Passwall                 Tmut/Erth      25%        N/A       2%          2
 Petrify                  Tmut/Erth      30%        N/A       14%         4
 Summon Lightning Spire   Summ/Air       3%         N/A       69%         4
 Silence                  Hex/Air        1%         N/A       95%         5
 Conjure Ball Lightning   Conj/Air       5%         3x3d6     99%         6
 Tornado                  Air            1%         N/A       100%        9


Dungeon Overview and Level Annotations

Branches:
Dungeon (9/15)             Temple (0/1) D:4         Ossuary (visited)
   Lair: D:8-11         Orc: D:9-12

Shops:
D:7 *   D:8 :

Annotations:
D:8 Gastronok


Innate Abilities, Weirdness & Mutations

Your attributes grow dramatically as you level up.
You have an increased reservoir of magic. (+10% MP)
You shall have no god before yourself.


Message History

You feel a surge of power!
The blast of sand hits the kobold demonologist!
You kill the kobold demonologist!
* * * LOW MAGIC WARNING * * *
You now have 1263 gold pieces (gained 18).
Things that are here:
a +0 dagger; a +0 robe; a kobold corpse You start resting.
Magic restored.
Things that are here:
20 arrows; a +0 shortbow You see here a +0 whip.
There is an open door, spattered with blood here.
The boulder beetle curls into a ball and begins rolling!
A boulder beetle is nearby!
The boulder beetle hits you!!!
Ouch! That really hurt!
* * * LOW HITPOINT WARNING * * *
The boulder beetle stops rolling and uncurls.
Okay, then.
There is an open door, spattered with blood here.
The boulder beetle leaps!
You see here a +0 whip.
Things that are here:
20 arrows; a +0 shortbow
Things that are here:
a +0 plate armour; a +0 short sword You see here a +0 rapier.
The boulder beetle curls into a ball and begins rolling!
The boulder beetle closely misses you.
The boulder beetle stops rolling and uncurls.
The boulder beetle leaps!
The boulder beetle curls into a ball and begins rolling!
The boulder beetle hits you!!!
Ouch! That really hurt!
* * * LOW HITPOINT WARNING * * *
The boulder beetle stops rolling and uncurls.
The boulder beetle curls into a ball and begins rolling!
The boulder beetle hits you!!!
You die...

....# #.....# #..# ##..#
#.....# ##.## ##..#
#.....# ##...## ....#
#.....# ##.....# .##.#
####### #......#
.##.#### #.°...<#
.......# #°#...##
..####.###########○#####
..##............@B.#
.....#.####.##.##..#
#.####.# #.##.##..#
#.####.# #.##...(.#
#......# #.#####.##
######## #.......#
#########


You could see a boulder beetle (rolling).

Vanquished Creatures
  A centaur warrior (D:9)
  A two-headed ogre (D:9)
  A deep elf zephyrmancer (D:9)
  An ugly thing (D:9)
  2 manticores (D:9)
  A kobold demonologist (D:9)
  Grinder (D:4)
  A slime creature (D:9)
  A wyvern (D:8)
  3 yaks (D:9)
  Menkaure (D:7)
  3 water moccasins
  3 ice beasts
  A sky beast (D:7)
  2 orc warriors (D:9)
  2 necrophages (D:6)
  5 centaurs
  3 ogres
  A kobold brigand (D:5)
  An elf zombie (Ossuary)
  2 bullfrogs
  A gnoll sergeant (D:8)
  5 scorpions
  3 water moccasin zombies
  A wyvern skeleton (D:7)
  6 killer bees (D:9)
  A howler monkey (D:6)
  5 wights (D:8)
  3 electric eels (D:8)
  2 centaur zombies
  3 hounds
  3 jellies
  3 centaur skeletons
  2 bullfrog skeletons
  5 iguanas
  A scorpion zombie (D:5)
  2 orc wizards (D:7)
  A killer bee zombie (D:8)
  4 mummies (Ossuary)
  A howler monkey zombie (D:8)
  Robin (D:3)
  12 gnolls
  11 adders
  A white imp (D:6)
  2 adder zombies (Ossuary)
  A worm (D:3)
  2 dart slugs
  14 orcs
  8 bats
  10 endoplasms
  2 giant cockroaches
  17 goblins
  15 hobgoblins
  6 jackals (D:1)
  13 kobolds
  8 quokkas
  9 ball pythons
  2 frilled lizards (D:1)
  A goblin zombie (Ossuary)
  A hobgoblin zombie (Ossuary)
  A jackal zombie (Ossuary)
  An orc zombie (Ossuary)
  6 rats
233 creatures vanquished.

Vanquished Creatures (collateral kills)
  An elf zombie (Ossuary)
  A gnoll zombie (Ossuary)
  A goblin zombie (Ossuary)
  A hobgoblin zombie (Ossuary)
  A jackal zombie (Ossuary)
5 creatures vanquished.

Vanquished Creatures (others)
  An adder (D:2)
  A bat (D:2)
  4 fungi (D:2)
  2 plants (D:2)
8 creatures vanquished.

Grand Total: 246 creatures vanquished

Notes
Turn   | Place    | Note
-------+----------+-------------------------------------------
     0 | D:1      | Strat the Demigod Earth Elementalist began the quest for
                  | the Orb.
     0 | D:1      | Reached XP level 1. HP: 14/14 MP: 5/5
   410 | D:1      | Reached XP level 2. HP: 20/20 MP: 5/7
  1111 | D:1      | Reached XP level 3. HP: 26/26 MP: 8/8
  1333 | D:1      | Learned a level 3 spell: Stone Arrow
  2062 | D:2      | Reached XP level 4. HP: 16/33 MP: 5/9
  2064 | D:2      | HP: 1/33 [gnoll/+0 club (8)]
  2680 | D:2      | Reached skill level 5 in Earth Magic
  3227 | D:3      | Noticed Robin
  3240 | D:3      | Killed Robin
  3490 | D:3      | Reached XP level 5. HP: 30/38 MP: 10/10
  4360 | D:4      | Noticed Grinder
  4802 | D:4      | Found a staircase to the Ecumenical Temple.
  4844 | D:4      | Killed Grinder
  4845 | D:4      | Reached XP level 6. HP: 33/45 MP: 5/11
  5759 | D:5      | Entered Level 5 of the Dungeon
  5815 | D:5      | Reached skill level 1 in Fighting
  5815 | D:5      | Reached skill level 1 in Armour
  5815 | D:5      | Reached XP level 7. HP: 52/52 MP: 8/12
  5918 | D:5      | Reached skill level 2 in Fighting
  5971 | D:5      | Found a sand-covered staircase.
  5989 | Ossuary  | Entered an ossuary
  6106 | Ossuary  | Reached skill level 3 in Fighting
  7144 | D:5      | Identified 3 scrolls of acquirement
  7144 | D:5      | Acquired 674 gold pieces
  7232 | D:5      | Reached skill level 4 in Fighting
  7232 | D:5      | Reached XP level 8. HP: 31/66 MP: 4/13
  8292 | D:6      | Reached skill level 5 in Fighting
  8298 | D:6      | Learned a level 5 spell: Lee's Rapid Deconstruction
  8898 | D:6      | Reached skill level 6 in Fighting
  9545 | D:6      | Reached XP level 9. HP: 78/78 MP: 7/14
  9781 | D:7      | Found Piqyttae's General Store.
 10421 | D:7      | Noticed Menkaure
 10629 | D:7      | Killed Menkaure
 10630 | D:7      | Reached skill level 7 in Fighting
 11595 | D:7      | Acquired the ring "Deppayha" {rF++ SInv}
 12422 | D:8      | Noticed Gastronok
 12541 | D:8      | Found Faimpi's Book Shop.
 13334 | D:9      | Noticed a manticore
 13334 | D:9      | Noticed a centaur warrior
 13347 | D:9      | Killed a manticore
 13348 | D:9      | Reached skill level 8 in Fighting
 13597 | D:9      | Reached XP level 10. HP: 67/88 MP: 6/19
 14084 | D:9      | Identified the +2 robe "Ype Vey" {rPois rF- Int+2}
 14105 | D:9      | Noticed a two-headed ogre
 14112 | D:9      | Killed a two-headed ogre
 14176 | D:9      | Reached skill level 9 in Fighting
 14512 | D:9      | Acquired the +1 hat of Protective Custody {Slay+6}
 14575 | D:9      | Killed a centaur warrior
 14610 | D:9      | Noticed a manticore
 15019 | D:9      | Killed a manticore
 15129 | D:9      | Noticed a white ugly thing
 15129 | D:9      | Noticed a boulder beetle
 15142 | D:9      | Killed a white ugly thing
 15532 | D:9      | Noticed a deep elf zephyrmancer
 15542 | D:9      | Killed a deep elf zephyrmancer
 15543 | D:9      | Reached skill level 10 in Fighting
 15543 | D:9      | Reached skill level 5 in Dodging
 15572 | D:9      | Noticed a boulder beetle
 15909 | D:9      | Noticed a stone giant
 15929 | D:9      | Noticed a boulder beetle
 16479 | D:9      | Annihilated by a boulder beetle

Illustrated notes

Levels and vault maps discovered:
D:1:      dpeg_arrival_renting, layout_loops_ring, minmay_cut_off
D:2:      layout_basic, shapermc_ecumenical_altar_mp_ritualfount,
          corexii_item_surrounded_by_moat, lemuel_old_faithful
D:3:      layout_basic, doesnt_xom_only_xom, lemuel_coloured_pillars_altar,
          grunt_ministairs_3, uniq_robin
D:4:      layout_basic, okawaru_metal_pillars_1_2,
          minmay_temple_entry_mini_moons, minmay_bent, uniq_grinder
D:5:      cheibrodos_thug_alley, layout_gridville,
          nicolae_ossuary_entry_monument, minmay_checkerbox
D:6:      layout_rooms, kennysheep_little_box
D:7:      layout_basic, serial_shops, nicolae_shop_behind_doors,
          nrook_loot_triangle, uniq_menkaure
D:8:      layout_rooms, zin_scriptorium, serial_shops, nicolae_shop_statue_plus,
          minivault_14, st_stairs_7, uniq_gastronok
D:9:      minmay_sliced_demisemicircle, layout_loops_cross, kennysheep_mini,
          old_standard_altar, nicolae_overflow_hidden_temple

Skill      XL: |  1  2  3  4  5  6  7  8  9 10 |
---------------+-------------------------------+-----
Earth Magic    | 3 4 5 6 7 8 9 |  9.0
Conjurations   | 3 4 |  4.0
Fighting       | 1 4 6 8 10 | 10.0
Armour         | 1 3 4 |  4.0
Spellcasting   | 4 |  4.0
Dodging        | 5 |  5.6
Stealth        | |  1.7
Transmutations | |  0.8

Action                   |  1- 3 |  4- 6 |  7- 9 | 10-12 || total
-------------------------+-------+-------+-------+-------++-------
Melee: Unarmed           |     3 |       |       |       ||     3
       Short sword       |    64 |   153 |    92 |       ||   309
       Staff             |       |       |    10 |       ||    10
       Scimitar          |       |       |     2 |    14 ||    16
 Cast: Sandblast         |    32 |    40 |    62 |     6 ||   140
       Stone Arrow       |       |     1 |   145 |    35 ||   181
       Lee's Rapid Decon |       |       |       |    12 ||    12
Evoke: Wand              |       |       |     5 |       ||     5
  Use: Scroll            |       |     1 |    24 |     6 ||    31
       Potion            |       |       |     1 |     1 ||     2
 Stab: Sleeping          |     4 |     4 |       |       ||     8
       Distracted        |       |     1 |       |       ||     1
Armor: Robe              |    14 |       |       |       ||    14
       Leather armour    |     4 |    31 |       |       ||    35
       Ring mail         |       |     8 |   114 |    13 ||   135
Dodge: Dodged            |    61 |    88 |   157 |    34 ||   340
Block: Other             |       |       |    13 |    11 ||    24
       Reflection        |       |       |       |     2 ||     2
       Rpst.: Scimitar   |       |       |       |     1 ||     1

Table legend: (Time is in decaauts)
 A = Elapsed time spent in this place.
 B = Non-inter-level travel time spent in this place.
 C = Inter-level travel time spent in this place.
 D = Time resting spent in this place.
 E = Time spent auto-exploring this place.
 F = Levels seen in this place.
 G = Mean time per level.
                   A        B        C        D        E       F      G
               +--------+--------+--------+--------+--------+-----+--------+
         Total |  16510 |  16107 |    403 |   5867 |   7458 |  10 | 1651.0 |
       Dungeon |  15951 |  15548 |    403 |   5559 |   7358 |   9 | 1772.3 |
       Ossuary |    559 |    559 |      0 |    308 |    100 |   1 |  559.0 |
               +--------+--------+--------+--------+--------+-----+--------+

Top non-repeatable levels by time:
     D:9: 2903 daAuts
     D:7: 2244 daAuts
     D:5: 1640 daAuts
     D:1: 1599 daAuts
     D:8: 1586 daAuts
     D:4: 1580 daAuts
     D:2: 1558 daAuts
     D:6: 1445 daAuts
     D:3: 1395 daAuts
 Ossuary: 559 daAuts
